 Dungeon Crawl Stone Soup version 0.32-a0-928-g1cae6b7 (webtiles) character file.

Game seed: 8295064222793012095

128310 RazingBull the Tortoise (level 16, -3/138 HPs)
             Began as a Minotaur Fighter on Apr 12, 2024.
             Was a High Priest of Hepliaklqana.
             Slain by a golden dragon simulacrum (7 damage)
             ... in an ice cave.
             The game lasted 01:02:12 (28109 turns).

RazingBull the Tortoise (Minotaur Fighter)         Turns: 28109, Time: 01:02:12

Health: -3/138     AC: 28    Str: 28    XL:     16   Next: 48%
Magic:  30/30      EV: 11    Int:  5    God:    Hepliaklqana [*****.]
Gold:   1150       SH: 17    Dex: 11    Spells: 15/15 levels left

rFire   + . .        K - +4 demon trident (flame)
rCold   . . .        m - +0 kite shield
rNeg    . . .        F - +0 chain mail {rF+}
rPois   +            v - +1 hat
rElec   .            q - +1 cloak of Toutossi {rPois Regen+ MP+9}
rCorr   +            z - +2 pair of gloves
SInv    .            M - +1 pair of boots
Will    +....        y - amulet of reflection Stlth
                     b - ring of resist corrosion
HPRegen 1.23/turn    r - ring of poison resistance
MPRegen 0.22/turn

%: reflection
@: slowed, very slow
A: reduced essence, horns 2, retaliatory headbutt, iridescent scales 2, wild
magic 1
a: Renounce Religion, Recall Ancestor, Ancestor Identity, Transference, Idealise


You were in an ice cave.
You worshipped Hepliaklqana.
Hepliaklqana was extremely pleased with you.
You visited 5 branches of the dungeon, and saw 26 of its levels.
You also visited: Ice Cave.

You collected 2514 gold pieces.
You spent 1364 gold pieces at shops.

Inventory:

Hand Weapons
 K - a +4 demon trident of flaming (weapon)
Missiles
 a - 4 javelins
 u - 15 boomerangs (quivered)
 x - 5 silver javelins
 N - a throwing net
Armour
 c - a +1 tower shield of cold resistance
 m - a +0 kite shield (worn)
 q - the +1 cloak of Toutossi (worn) {rPois Regen+ MP+9}
   (You found it on level 1 of the Spider Nest)

   rPois:     It protects you from poison.
   MP+9:      It affects your magic capacity (+9).
   Regen+:    It increases your rate of health regeneration.
 v - a +1 hat (worn)
 z - a +2 pair of gloves (worn)
 F - a +0 chain mail of fire resistance (worn)
 M - a +1 pair of boots (worn)
Jewellery
 b - a ring of resist corrosion (left hand)
 r - a ring of poison resistance (right hand)
 y - an amulet of reflection (around neck)
Scrolls
 e - 5 scrolls of immolation
 g - 3 scrolls of poison
 i - 7 scrolls of teleportation
 l - 2 scrolls of revelation
 o - a scroll of identify
 p - 2 scrolls of noise {unknown}
 t - 7 scrolls of enchant armour
 A - 5 scrolls of fog {unknown}
 C - 2 scrolls of torment {unknown}
 D - 5 scrolls of fear
 E - 2 scrolls of blinking {unknown}
 H - a scroll of silence {unknown}
 I - a scroll of butterflies
 L - 4 scrolls of brand weapon {unknown}
 O - a scroll of acquirement {unknown}
Potions
 d - 3 potions of might
 f - 5 potions of enlightenment
 h - 4 potions of magic
 j - 2 potions of ambrosia
 n - 2 potions of attraction
 s - 3 potions of mutation
 w - 9 potions of curing
 B - a potion of resistance
 G - 2 potions of invisibility
 J - 2 potions of heal wounds
 P - a potion of lignification
 Q - a potion of haste
 R - a potion of berserk rage
Miscellaneous
 k - a lightning rod (4/4)


   Skills:
 * Level 16.8 Fighting
 * Level 16.7 Polearms
 + Level 9.4 Throwing
 * Level 16.9 Armour
 + Level 10.1 Dodging
 * Level 13.6 Shields
 - Level 8.0 Invocations


You had 15 spell levels left.
You didn't know any spells.
Your spell library contained the following spells:

 Spells                   Type           Power      Damage    Failure   Level
 Freeze                   Ice            0%         1d3       95%         1
 Frozen Ramparts          Ice            0%         1d1       100%        3
 Hailstorm                Conj/Ice       0%         3d5       100%        3
 Inner Flame              Hex/Fire       0%         N/A       100%        3
 Sigil of Binding         Hex            0%         N/A       100%        3
 Flame Wave               Conj/Fire      0%         2d4       100%        4
 Sticky Flame             Fire/Alch      0%         2d4       100%        4
 Death Channel            Necr           0%         N/A       100%        6
 Sculpt Simulacrum        Ice/Alch       0%         N/A       100%        6
 Haunt                    Necr/Summ      0%         N/A       100%        7
 Borgnjor's Revivificati  Necr           0%         N/A       100%        8
 Death's Door             Necr           0%         N/A       100%        9


Dungeon Overview and Level Annotations

Branches:
Dungeon (15/15) Temple (1/1) D:4 Lair (5/5) D:8 Shoals (0/4) Lair:2 Spider (3/4) Lair:2 Slime (0/5) Lair:4 Orc (2/2) D:11 Elf (0/3) Orc:2 Vaults (0/5) D:12 D:13 Depths (0/4) D:15 IceCv (1/1)

Altars:
Ashenzari
Cheibriados
Dithmenos
Elyvilon
Fedhas
Gozag
Hepliaklqana
Kikubaaqudgha
Makhleb
Nemelex Xobeh
Okawaru
Qazlal
Ru
Sif Muna
Trog
Uskayaw
Vehumet
Wu Jian
Xom
Yredelemnul
Zin
The Shining One
Beogh

Shops:
D:1 (   D:3 (*:(   D:8 *   D:14 ((?*!   Orc:2 =([*

Annotations:
D:5 3 runed translucent doors, AlexanderH's ghost, novice OpEE
D:11 exclusion: obsidian statue IceCv exclusion: orange crystal statue


Innate Abilities, Weirdness & Mutations

Your life essence is reduced to manifest your ancestor. (-10% HP)
You have a pair of horns on your head.
You reflexively headbutt those who attack you in melee.
You are mostly covered in iridescent scales. (AC +4)
Your spells are a little harder to cast, but a little more powerful.


Message History

Unknown command.
Unknown command.
The golden dragon simulacrum bites Puawom!!
Puawom is destroyed!
You're too confused to aim your attacks!
The golden dragon simulacrum bites you!
The golden dragon simulacrum freezes you!!!
The golden dragon simulacrum claws you.
The golden dragon simulacrum freezes you!!!
* * * LOW HITPOINT WARNING * * *
The golden dragon simulacrum tramples you but does no damage.
You see here a potion of curing.
A freezing wraith comes into view.
You're too confused to aim your attacks!
Unknown command.
You feel better.
A lindwurm simulacrum comes into view.
You hit the golden dragon simulacrum but do no damage.
You headbutt the golden dragon simulacrum, but do no damage.
The golden dragon simulacrum is lightly damaged.
You hit the freezing wraith. You burn the freezing wraith.
The freezing wraith is lightly damaged.
You barely miss the freezing wraith. You headbutt the freezing wraith!
The freezing wraith is moderately damaged.
You hit the freezing wraith but do no damage.
You headbutt the freezing wraith!
The freezing wraith is heavily damaged.
An ettin simulacrum comes into view.
You block the freezing wraith's attack. The freezing wraith hits you!
The freezing wraith drains your vigour!
You feel yourself slow down.
You completely miss the freezing wraith.
The freezing wraith is heavily damaged.
The golden dragon simulacrum bites you!
* * * LOW HITPOINT WARNING * * *
The golden dragon simulacrum freezes you!!
* * * LOW HITPOINT WARNING * * *
The golden dragon simulacrum claws you but does no damage.
The golden dragon simulacrum tramples you!
You die...
Hepliaklqana delivers you to your ancestors.

####### #######
#.....## ##..)!@#
#......###....ZW#
#.......#......Z#
#.∩..∩..........Z..
#.......#.......#...
#......###.....)#.....
#.....## ##..[[?# ...I
####### ####### ####


You could see a freezing wraith, a lindwurm simulacrum, a golden dragon
simulacrum and an ettin simulacrum.

Vanquished Creatures
  Donald (Spider:1)
  An orc warlord (Orc:2)
  2 broodmothers
  Azrael (D:15)
  A spark wasp (Spider:2)
  An entropy weaver (Spider:2)
  6 hydras
  An ogre mage (D:14)
  6 centaur warriors
  5 two-headed ogres
  5 demonic crawlers
  A deep troll earth mage (D:15)
  12 boulder beetles
  6 death yaks
  2 tengu warriors
  Urug (D:12)
  A skyshark (Lair:5)
  Nergalle (Lair:2)
  4 skeletal warriors
  A fire crab (shapeshifter) (D:15)
  5 orb spiders (Spider:2)
  3 spriggan simulacra (Spider:3)
  A harpy (shapeshifter) (D:12)
  5 orc knights
  A lindwurm (Lair:4)
  A deep elf pyromancer (D:14)
  9 ugly things
  Maurice (D:9)
  2 orc sorcerers (Orc:2)
  7 wolf spiders
  5 cyclopes
  2 manticores
  7 elephants
  5 meliai
  3 kobold blastminers (Orc:2)
  8 black mambas
  A guardian serpent (Lair:5)
  2 torpor snails
  A smoke demon (D:13)
  An unseen horror (D:13)
  9 cane toads
  2 rime drakes
  2 efreet (D:14)
  8 komodo dragons
  A freezing wraith (D:15)
  4 anaconda simulacra
  A golden dragon simulacrum (IceCv)
  A polar bear (Lair:4)
  2 trolls
  7 tarantellas
  4 hornets
  A snapping turtle (Lair:2)
  10 jumping spiders
  6 blink frogs
  An alligator simulacrum (IceCv)
  9 dream sheep
  4 culicivoras
  3 dire elephant simulacra (IceCv)
  7 slime creatures
  A shadow (D:11)
  15 humans
  A vampire (D:10)
  4 hogs (Spider:1)
  2 wraiths (D:12)
  A fire elemental (D:15)
  2 yaks (shapeshifter)
  8 basilisks
  A human (shapeshifter) (D:15)
  14 wyverns
  A warg (Orc:1)
  48 yaks
  Grum (D:8)
  21 redbacks
  9 vampire mosquitoes
  3 harpy simulacra
  An acid dragon (shapeshifter) (D:15)
  21 water moccasins
  A water moccasin (shapeshifter) (D:10)
  3 hell hounds (D:15)
  A hydra simulacrum (IceCv)
  4 acid dragons
  13 orc warriors
  6 laughing skulls
  4 black bears
  9 ogres
  An ettin simulacrum (IceCv)
  16 wolves
  5 centaurs
  A knight (D:15)
  13 bullfrogs
  2 scorpions (D:4)
  4 wights (D:6)
  18 killer bees
  2 lindwurm simulacra (Spider:3)
  2 electric eels (Lair:4)
  3 howler monkeys
  18 orc priests
  6 jellies
  2 bombardier beetles
  2 hounds
  2 sleepcaps (D:6)
  2 iguanas (D:5)
  7 orc wizards
  Robin (D:2)
  3 gnolls (D:2)
  6 adders
  A river rat (shapeshifter) (D:14)
  2 shadow imps
  2 white imps
  4 dart slugs
  A ribbon worm (D:3)
  45 orcs
  12 ball pythons
  3 endoplasms
  4 giant cockroaches
  7 hobgoblins
  8 jackals
  3 quokkas
  2 bats (D:1)
  3 frilled lizards
  12 goblins
  7 kobolds
  5 rats
643 creatures vanquished.

Vanquished Creatures (collateral kills)
  Kirke (Spider:1)
  A hydra (Lair:3)
  An entropy weaver (Spider:2)
  A jorogumo (Spider:1)
  An ogre mage (Orc:2)
  2 two-headed ogres
  A death yak (Lair:5)
  A demonic crawler (Spider:2)
  An orc high priest (Orc:2)
  A pharaoh ant (Spider:1)
  A skeletal warrior (D:14)
  An orc sorcerer (Orc:2)
  2 wolf spiders
  2 black mambas (Lair:5)
  2 elephants (Lair:3)
  A kobold blastminer (Orc:2)
  4 cane toads
  A komodo dragon (D:11)
  A rime drake (Lair:3)
  An unseen horror (D:12)
  Psyche (D:11)
  5 blink frogs
  3 dream sheep
  3 jumping spiders (Spider:2)
  2 culicivoras (Spider:2)
  2 slime creatures (D:15)
  A shadow (D:11)
  A water elemental (Lair:2)
  4 wyverns
  A human (D:12)
  A warg (Orc:2)
  5 yaks
  2 basilisks
  5 redbacks
  A water moccasin (Lair:5)
  5 orc warriors (Orc:2)
  An ogre (Orc:2)
  4 wolves (Lair:2)
  2 bullfrogs (Lair:4)
  A killer bee (D:11)
  A jelly (Lair:4)
  An electric eel (Lair:4)
  3 orc priests (Orc:2)
  An orc wizard (Orc:2)
  6 orcs
89 creatures vanquished.

Vanquished Creatures (others)
  Nessos (D:12)
  A wolf spider (Spider:2)
  A laughing skull (D:15)
  11 knights
  6 ancestors
  An orc wizard (D:5)
21 creatures vanquished.

Grand Total: 753 creatures vanquished

Notes
Turn   | Place    | Note
-------+----------+-------------------------------------------
     0 | D:1      | RazingBull the Minotaur Fighter began the quest for the
                  | Orb.
     0 | D:1      | Reached XP level 1. HP: 19/19 MP: 0/0
   151 | D:1      | Reached XP level 2. HP: 27/27 MP: 1/1
   358 | D:1      | Found Ymeuf's Antique Weapon Emporium.
   436 | D:1      | Reached XP level 3. HP: 33/33 MP: 2/2
   728 | D:2      | Reached XP level 4. HP: 39/41 MP: 3/3
  1020 | D:2      | Noticed Robin
  1031 | D:2      | Killed Robin
  1324 | D:3      | Found an iron altar of Okawaru.
  1332 | D:3      | Found Utorchio's Book Boutique.
  1419 | D:3      | Found Jaupid's Weapon Emporium.
  1446 | D:3      | Found Ariabucs's General Store.
  1449 | D:3      | Bought a scroll of identify for 20 gold pieces
  1511 | D:3      | Found Morhebo's Weapon Shoppe.
  1566 | D:3      | Found a faded altar of an unknown god.
  1989 | D:3      | Reached XP level 5. HP: 47/47 MP: 4/4
  2092 | D:4      | Found an ancient bone altar of Kikubaaqudgha.
  2095 | D:4      | Found a blossoming altar of Fedhas.
  2118 | D:4      | Reached skill level 5 in Fighting
  2118 | D:4      | Reached skill level 5 in Armour
  2118 | D:4      | Reached skill level 5 in Shields
  2209 | D:4      | Found a staircase to the Ecumenical Temple.
  2219 | Temple   | Entered the Ecumenical Temple
  2239 | Temple   | Became a worshipper of Elyvilon the Healer
  2288 | D:4      | Reached XP level 6. HP: 56/56 MP: 5/5
  2431 | D:4      | Identified the +2 hand axe of Checks and Balances {freeze,
                  | Int+5}
  2922 | D:5      | Entered Level 5 of the Dungeon
  2998 | D:5      | Reached * piety under Elyvilon
  3020 | D:5      | Gained mutation: Your spells are a little harder to cast,
                  | but a little more powerful. [potion of mutation]
  3020 | D:5      | Gained mutation: You are partially covered in iridescent
                  | scales. (AC +2) [potion of mutation]
  3020 | D:5      | Gained mutation: You are mostly covered in iridescent
                  | scales. (AC +4) [potion of mutation]
  3020 | D:5      | HP: 2/56 [burnt (4)]
  3320 | D:5      | Found a runed translucent gate.
  3322 | D:5      | Found a runed translucent gate.
  3336 | D:5      | Found a runed translucent gate.
  3340 | D:5      | Noticed AlexanderH's ghost (novice OpEE)
  3349 | D:5      | Found a stormy altar of Qazlal.
  3614 | D:5      | Found a shimmering blue altar of Sif Muna.
  3676 | D:5      | Reached skill level 5 in Polearms
  3676 | D:5      | Reached XP level 7. HP: 57/62 MP: 6/6
  4294 | D:6      | Reached XP level 8. HP: 38/71 MP: 7/7
  4621 | D:6      | Reached ** piety under Elyvilon
  4928 | D:7      | Found a basalt altar of Yredelemnul.
  5017 | D:7      | Found a sparkling altar of Nemelex Xobeh.
  5738 | D:7      | Reached *** piety under Elyvilon
  5910 | D:8      | Noticed a komodo dragon
  5967 | D:8      | Killed a komodo dragon
  5968 | D:8      | Reached skill level 1 in Throwing
  5968 | D:8      | Reached skill level 1 in Dodging
  5968 | D:8      | Reached skill level 1 in Invocations
  5968 | D:8      | Reached XP level 9. HP: 34/81 MP: 8/8
  6210 | D:8      | Found a staircase to the Lair.
  6435 | D:8      | Found Jorub's Changing Room.
  6847 | D:9      | Noticed Grum
  6854 | D:8      | Killed Grum
  7057 | D:9      | Noticed Maurice
  7064 | D:9      | Paralysed by something for 2 turns
  7080 | D:9      | Paralysed by something for 5 turns
  7200 | D:9      | Killed Maurice
  7201 | D:9      | Reached XP level 10. HP: 91/91 MP: 6/11
  7325 | D:9      | Found a bloodstained altar of Trog.
  7671 | D:9      | Reached **** piety under Elyvilon
  7689 | D:9      | Found a hazy altar of Hepliaklqana.
  7694 | D:9      | Fell from the grace of Elyvilon
  7694 | D:9      | Became a worshipper of Hepliaklqana the Forgotten
  7815 | D:10     | Entered Level 10 of the Dungeon
  8078 | D:10     | Noticed a five-headed hydra
  8078 | D:10     | Noticed a centaur warrior
  8090 | D:10     | Noticed a boulder beetle
  8100 | D:10     | Killed a five-headed hydra
  8106 | D:10     | Killed a centaur warrior
  8123 | D:11     | Noticed a boulder beetle
  8230 | D:10     | Noticed a centaur warrior
  8238 | D:10     | Killed a centaur warrior
  8239 | D:10     | Reached skill level 10 in Fighting
  8239 | D:10     | Reached skill level 10 in Armour
  8443 | D:10     | Noticed a cyclops
  8463 | D:10     | Killed a cyclops
  8522 | D:10     | Killed a boulder beetle
  8523 | D:10     | Reached XP level 11. HP: 89/100 MP: 12/12
  8591 | D:10     | Noticed a boulder beetle
  8592 | D:10     | Noticed a tengu warrior
  8644 | D:9      | Killed a boulder beetle
  8645 | D:9      | Reached skill level 10 in Polearms
  9110 | D:10     | Killed a tengu warrior
  9342 | D:10     | Found a broken altar of Ashenzari.
  9342 | D:10     | Found a hide-covered altar of Uskayaw.
  9343 | D:10     | Found a shadowy altar of Dithmenos.
  9422 | D:10     | Found a burning altar of Makhleb.
 10024 | Lair:1   | Entered Level 1 of the Lair of Beasts
 10062 | Lair:1   | Noticed a death yak
 10064 | Lair:1   | Noticed a death yak
 10068 | Lair:1   | Reached * piety under Hepliaklqana
 10110 | D:8      | Killed a death yak
 10298 | Lair:1   | Killed a death yak
 10404 | Lair:1   | Reached skill level 5 in Dodging
 10719 | Lair:1   | Identified the +2 robe of Elyvilon's Reproof {Dex+2 Stlth+}
 10802 | Lair:1   | Identified the +1 scale mail of the Doldrums {rElec rC-
                  | Regen+ Str+4}
 10976 | Lair:1   | Noticed a boulder beetle
 10997 | Lair:1   | Killed a boulder beetle
 10998 | Lair:1   | Reached skill level 5 in Throwing
 10998 | Lair:1   | Reached skill level 5 in Invocations
 11464 | Lair:2   | Reached XP level 12. HP: 99/99 MP: 14/14
 11740 | Lair:2   | Noticed Nergalle
 11747 | Lair:2   | Killed Nergalle
 11748 | Lair:2   | Reached skill level 10 in Shields
 11760 | Lair:2   | Found a hole to the Spider Nest.
 11977 | Lair:2   | You fall into a shaft and drop 2 floors!
 11977 | Lair:4   | Reached ** piety under Hepliaklqana
 12007 | Lair:4   | Remembered your ancestor Puawom as a knight
 12389 | Lair:4   | Identified the amulet of Autotheism {Acrobat Rampage rC-
                  | Str+2 Int+3}
 12553 | Lair:2   | Found a staircase to the Shoals.
 13052 | Lair:3   | Reached *** piety under Hepliaklqana
 13652 | Lair:3   | Noticed a five-headed hydra
 13663 | Lair:3   | Killed a five-headed hydra
 13664 | Lair:3   | Reached XP level 13. HP: 107/107 MP: 16/16
 14468 | Lair:4   | Found a staircase to the Slime Pits.
 15235 | Lair:5   | Entered Level 5 of the Lair of Beasts
 15430 | Lair:5   | Reached **** piety under Hepliaklqana
 16083 | Lair:5   | HP: 2/110 [death yak (15)]
 16599 | Lair:5   | Reached XP level 14. HP: 117/117 MP: 18/18
 16858 | Lair:5   | Identified the +7 great mace of Gluttony {heavy, rN+ Str+3}
 17792 | D:11     | Noticed Psyche
 17798 | D:11     | Killed Psyche
 18237 | D:11     | Found a staircase to the Orcish Mines.
 18237 | D:11     | You fall into a shaft and drop 3 floors!
 18251 | D:14     | Found Tamiggom's Antique Weapon Shop.
 18334 | D:14     | Found Dafetuck's Weapon Boutique.
 18344 | D:14     | Bought a +0 demon trident of flaming for 493 gold pieces
 18355 | D:13     | Noticed Nessos
 18355 | D:13     | Noticed Urug
 18355 | D:13     | Found a gate to the Vaults.
 19166 | Orc:1    | Entered Level 1 of the Orcish Mines
 19233 | D:12     | Reached ***** piety under Hepliaklqana
 19837 | D:12     | Killed Urug
 19844 | D:12     | Killed Nessos
 20599 | D:13     | Reached skill level 15 in Armour
 20821 | D:13     | Reached skill level 15 in Fighting
 20999 | D:13     | Found a burning altar of Makhleb.
 21131 | D:14     | Found Ucurin Udaz's Magic Scroll Shoppe.
 21134 | D:14     | Bought a scroll of fear for 44 gold pieces
 21134 | D:14     | Bought a scroll of enchant armour for 82 gold pieces
 21134 | D:14     | Bought a scroll of identify for 22 gold pieces
 21134 | D:14     | Bought a scroll of enchant armour for 82 gold pieces
 21216 | D:15     | Entered Level 15 of the Dungeon
 21385 | D:14     | Reached XP level 15. HP: 100/126 MP: 19/19
 21639 | D:14     | Reached skill level 15 in Polearms
 22046 | D:14     | Found Ankiat's Distillery.
 22048 | D:14     | Found Pyrepe's General Store.
 22053 | D:14     | Bought a potion of curing for 30 gold pieces
 22053 | D:14     | Bought a potion of curing for 30 gold pieces
 22053 | D:14     | Bought a potion of curing for 30 gold pieces
 22053 | D:14     | Bought a potion of lignification for 30 gold pieces
 22053 | D:14     | Bought a potion of haste for 100 gold pieces
 22053 | D:14     | Bought a potion of berserk rage for 50 gold pieces
 22074 | D:14     | Identified the +1 dagger of Dele {drain, rPois MP-9 Str+3}
 22296 | D:14     | Bought a potion of heal wounds for 75 gold pieces
 22296 | D:14     | Bought a scroll of identify for 30 gold pieces
 22733 | D:15     | Found a blossoming altar of Fedhas.
 22947 | D:15     | Found a staircase to the Depths.
 23219 | D:15     | Noticed Azrael
 23235 | D:15     | Killed Azrael
 23954 | Orc:2    | Entered Level 2 of the Orcish Mines
 24451 | Orc:2    | Found a staircase to the Elven Halls.
 24596 | Orc:2    | Found a roughly hewn altar of Beogh.
 24596 | Orc:2    | Paralysed by an orc sorcerer for 4 turns
 25522 | Orc:2    | Found Pidghibu's Jewellery Emporium.
 25566 | Orc:2    | Found Sazxav's Antique Weapon Emporium.
 25986 | Orc:2    | Found Faasih's Antique Armour Emporium.
 25992 | Orc:2    | Bought a pair of runed boots for 195 gold pieces
 26014 | Orc:2    | Found Meopsa's General Store.
 26021 | Orc:2    | Bought a potion of curing for 51 gold pieces
 26258 | Spider:1 | Entered Level 1 of the Spider Nest
 26270 | Spider:1 | Noticed Donald
 26285 | Spider:1 | Killed Donald
 26384 | Spider:1 | Identified the +5 short sword of Spite {vamp, rElec Int+3}
 26388 | Spider:1 | Identified the +1 cloak of Toutossi {rPois Regen+ MP+9}
 26493 | Spider:1 | Noticed Kirke
 26507 | Spider:1 | Killed Kirke
 27000 | Spider:1 | Reached XP level 16. HP: 72/135 MP: 21/21
 27435 | Spider:2 | Reached skill level 10 in Dodging
 27957 | Spider:3 | Found a glacial archway.
 27988 | IceCv    | Entered an ice cave
 28109 | IceCv    | HP: 4/138 [golden dragon simulacrum (27)]
 28109 | IceCv    | Slain by a golden dragon simulacrum

Illustrated notes

Levels and vault maps discovered:
D:1:      arrival_zaba_pyramid, layout_basic, serial_shops, shop
D:2:      layout_loops_ring, uniq_robin
D:3:      layout_loops_cross, okawaru_trees_2, serial_shops, shop, shop,
          nicolae_shop_just_a_little_nook, nicolae_shop_tiny_real_fake_doors,
          ebering_ecumenical_altar_sacrificial, serial_bayou,
          serial_bayou_pond_b, serial_bayou_lagoon_a, serial_bayou_pond_c,
          serial_bayou_shore_b
D:4:      layout_basic, grunt_temple_overflow_growth_and_decay,
          minmay_temple_entry_statues_fountains
D:5:      layout_rooms, hellmonk_sif_muna_bookshelves,
          nicolae_qazlal_eye_of_the_storm, gammafunk_ghost_necromancy,
          item_on_display_b
D:6:      layout_loops_ring
D:7:      layout_basic, mainiacjoe_overflow_alcove_1,
          mainiacjoe_overflow_catwalk, minmay_misc_feat_iff
D:8:      layout_basic, due_lair_maze_entry_diamond, nicolae_transmutations_shop
D:9:      layout_rooms, worldfamousw_hep_ancestral_shrine, old_standard_altar,
          uniq_maurice, uniq_grum
D:10:     layout_basic, chequers_temple_overflow_statue_of_worship,
          lightli_temple_of_fire, minivault_28
D:11:     layout_long_grid, orc_0_dummy, minmay_protected_statue, uniq_psyche
D:12:     layout_gridville, minivault_25
D:13:     layout_roguey, david_vaults_3, minmay_misc_feat_x, demons_altar
D:14:     layout_roguey, serial_shops, shop, nicolae_shop_peninsula, shop,
          kennysheep_mini_moat, shop, hangedman_abyss_or_decor_clamps,
          hangedman_corner_corridor
D:15:     hellmonk_depths_entry_around_the_bend, layout_basic, fedhas_altar_2,
          uniq_azrael
Temple:   jpeg_temple_island
Lair:1:   layout_regular_city, cheibrodos_lair_caveside_slide
Lair:2:   layout_small_grid, minmay_shoals_entry_hut, spider_nest_entry_rubble,
          uniq_nergalle
Lair:3:   layout_hall_layers, grunt_megastairs_4
Lair:4:   layout_roguey, nicolae_slime_entry_field_trip, serial_bayou_lagoon_b
Lair:5:   hangedman_lair_tendril_chambers, layout_regular_city
Spider:1: layout_spider_delve, uniq_kirke, uniq_donald
Spider:2: layout_spider_delve, drop_trap
Spider:3: layout_spider_delve, portal_ice_cave_entry_ice_simulacra, drop_trap,
          nicolae_spider_rock_and_or_roll
Orc:1:    layout_diamond_mine
Orc:2:    grunt_orc_cross, layout_diamond_mine
IceCv:    ice_cave_statue_garden_chambered

Skill      XL: |  1  2  3  4  5  6  7  8  9 10 11 12 13 14 15 16 |
---------------+-------------------------------------------------+-----
Armour         | 4 5 6 7 9 10 11 12 14 15 16 | 16.9
Fighting       | 4 5 6 7 9 10 11 12 13 15 16 | 16.8
Shields        | 4 5 6 7 8 9 10 11 12 13 | 13.6
Polearms       | 3 4 5 6 7 8 9 11 12 13 14 16 | 16.7
Throwing       | 1 2 4 5 6 7 8 9 |  9.4
Dodging        | 1 3 4 5 6 7 8 9 10 | 10.1
Invocations    | 1 2 3 5 6 7 8 |  8.0

Action                     |  1- 3 |  4- 6 |  7- 9 | 10-12 | 13-15 | 16-18 || total
---------------------------+-------+-------+-------+-------+-------+-------++-------
  Melee: Trident           |    66 |   183 |    29 |       |       |       ||   278
         Headbutt          |     7 |    24 |    44 |   148 |   282 |    62 ||   567
         Spear             |       |       |   218 |   658 |   638 |       ||  1514
         Demon trident     |       |       |       |       |   811 |   247 ||  1058
  Throw: Boomerang         |       |       |    11 |    33 |     1 |     6 ||    51
 Invoke: Heal Other        |       |       |     1 |       |       |       ||     1
         Ancestor Identity |       |       |       |     1 |       |       ||     1
         Recall Ancestor   |       |       |       |     1 |       |       ||     1
         Ancestor Life: Kn |       |       |       |     1 |       |       ||     1
         Idealise          |       |       |       |       |     2 |       ||     2
    Use: Scroll            |       |     3 |     5 |     5 |    10 |     2 ||    25
         Potion            |       |     6 |       |     2 |     5 |     1 ||    14
   Stab: Distracted        |       |       |       |     3 |     6 |     3 ||    12
 Armour: Scale mail        |    29 |    20 |       |       |       |       ||    49
         Chain mail        |       |    76 |   145 |   361 |   527 |   120 ||  1229
  Dodge: Dodged            |    16 |    54 |    67 |   136 |   269 |    55 ||   597
  Block: Buckler           |     9 |    30 |    38 |    31 |       |       ||   108
         Kite shield       |       |       |       |   152 |   751 |   193 ||  1096
         Reflection        |       |       |       |       |    55 |       ||    55

Table legend: (Time is in decaauts)
 A = Elapsed time spent in this place.
 B = Non-inter-level travel time spent in this place.
 C = Inter-level travel time spent in this place.
 D = Time resting spent in this place.
 E = Time spent auto-exploring this place.
 F = Levels seen in this place.
 G = Mean time per level.
                   A        B        C        D        E       F      G
               +--------+--------+--------+--------+--------+-----+--------+
         Total |  27360 |  26328 |   1032 |   2705 |  19158 |  27 | 1013.3 |
       Dungeon |  16024 |  15437 |    587 |   1525 |  11552 |  15 | 1068.3 |
        Temple |     38 |     21 |     17 |      0 |      0 |   1 |   38.0 |
          Lair |   7160 |   6877 |    283 |    499 |   5167 |   5 | 1432.0 |
   Spider Nest |   1631 |   1597 |     34 |    153 |    996 |   3 |  543.7 |
  Orcish Mines |   2394 |   2284 |    110 |    465 |   1442 |   2 | 1197.0 |
      Ice Cave |    110 |    110 |      0 |     63 |      0 |   1 |  110.0 |
               +--------+--------+--------+--------+--------+-----+--------+

Top non-repeatable levels by time:
  Lair:5: 1934 daAuts
    D:10: 1852 daAuts
     D:8: 1616 daAuts
  Lair:3: 1482 daAuts
  Lair:4: 1463 daAuts
    D:15: 1347 daAuts
  Lair:1: 1262 daAuts
   Orc:2: 1235 daAuts
    D:14: 1197 daAuts
    D:12: 1184 daAuts
    D:11: 1173 daAuts
   Orc:1: 1159 daAuts
     D:9: 1082 daAuts
  Lair:2: 1017 daAuts
     D:6: 997 daAuts
